AoeStats
← default

Arena

510356752Analyzed
4v4 RM · 1d ago on Sep 30, 2026· 55m 41s· 8 players
Game mode
Random Map
Map size
Large (8 player)
Population
200
Speed
Normal
Resources
Standard
Victory
Conquest
Starting age
Dark Age
Ending age
Imperial Age
RankedLock teamsTeams togetherTeam positionsShared explorationLock speedFull tech treeHidden civsTurbo modeCheats
Victory
Defeat
🇦🇹 Bohemians · Austria
962
+15
🇫🇷 Saxons · France
949
+15
🇧🇴 Danes · Bolivia
888
+18
🇮🇳 Italians · India
888
+18
🇹🇷 Malians · Türkiye
955
-17
🇹🇷 Khmer · Türkiye
937
-17
🇹🇷 Byzantines · Türkiye
925
-16
🇹🇷 Mongols · Türkiye
909
-16
Kamißon
10:14 Feudal Age
11:53 Loom
15:47 Castle Age
14:35 Double-Bit Axe
16:15 Wheelbarrow
15:40 Stone Mining
15:44 Gold Mining
19:20 Bow Saw
25:59 Town Watch
28:36 Hand Cart
28:22 Town Patrol
34:03 Imperial Age
31:18 Loom
32:58 Ballistics
34:07 Light Cavalry
34:58 Bloodlines
39:05 Chemistry
38:01 Murder Holes
39:15 Horse Collar
41:42 Padded Archer Armor
41:34 Fletching
44:57 Elite Skirmisher
46:05 Heavy Plow
48:01 Bodkin Arrow
48:21 Leather Archer Armor
48:17 Forging
48:07 Scale Mail Armor
50:02 Bracer
elfce
12:16 Feudal Age
13:21 Feudal Age
15:12 Loom
15:16 Double-Bit Axe
16:33 Wheelbarrow
15:58 Gold Mining
18:21 Castle Age
23:23 Stone Mining
23:28 Fletching
26:28 Hand Cart
26:14 Bodkin Arrow
26:14 Heated Shot
28:27 Bow Saw
29:59 Ballistics
29:42 Horse Collar
31:15 Murder Holes
31:34 Heavy Plow
34:35 Tigui
37:47 Imperial Age
35:24 Padded Archer Armor
36:20 Forging
38:31 Farimba
39:27 Leather Archer Armor
40:15 Chemistry
40:21 Husbandry
40:33 Bloodlines
39:48 Light Cavalry
39:48 Cavalier
42:30 Scale Barding Armor
42:56 Ring Archer Armor
43:02 Iron Casting
42:40 Fortified Wall
42:40 Masonry
43:21 Gold Shaft Mining
43:22 Stone Shaft Mining
43:21 Guilds
43:42 Coinage
43:13 Caravan
43:44 Bloodlines
43:43 Town Watch
43:32 Elite Gbeto
45:11 Cavalier
46:02 Bloodlines
45:12 Light Cavalry
46:16 Chain Barding Armor
46:37 Hoardings
45:32 Sappers
46:23 Conscription
49:54 Crop Rotation
default
7:12 Loom
11:26 Feudal Age
15:14 Castle Age
14:36 Stone Mining
15:21 Scale Barding Armor
21:03 Horse Collar
24:21 Husbandry
25:09 Gold Mining
26:37 Bloodlines
29:16 Chain Barding Armor
31:43 Gold Shaft Mining
32:18 Wheelbarrow
36:42 Imperial Age
37:36 Ballistics
37:26 Masonry
38:01 Elite Steppe Lancer
39:15 Conscription
39:27 Heavy Plow
41:04 Town Watch
42:44 Forging
49:52 Elite Skirmisher
51:00 Parthian Tactics
49:56 Heavy Cavalry Archer
Wallcanes
10:44 Feudal Age
12:03 Loom
16:52 Castle Age
15:14 Stone Mining
27:59 Scale Barding Armor
28:06 Forging
31:51 Imperial Age
32:48 Wheelbarrow
34:30 Chain Barding Armor
34:47 Iron Casting
35:18 Husbandry
35:14 Cavalier
42:31 Hand Cart
42:25 Padded Archer Armor
42:16 Fletching
44:15 Elite Skirmisher
44:49 Elite Skirmisher
46:24 Thumb Ring
47:15 Leather Archer Armor
46:56 Bodkin Arrow
47:54 Elite Cataphract
50:05 Ring Archer Armor
49:35 Bracer
50:24 Horse Collar
52:37 Plate Barding Armor
Alex
10:57 Feudal Age
11:56 Double-Bit Axe
13:19 Loom
16:30 Castle Age
14:51 Horse Collar
19:35 Wheelbarrow
20:42 Hand Cart
22:44 Fortified Wall
23:11 Bow Saw
24:46 Masonry
27:29 Gold Mining
33:18 Imperial Age
33:04 Heavy Plow
34:27 Siege Engineers
36:54 Onager
39:25 Pikeman
41:21 Conscription
43:10 Forging
45:43 Scale Mail Armor
46:24 Arson
48:17 Iron Casting
47:05 Elite Varangian Guard
47:28 Shield Wall
50:15 Chain Mail Armor
51:17 Squires
53:29 Plate Mail Armor
55:03 Fletching
Biskrem
10:58 Feudal Age
11:07 Feudal Age
15:54 Castle Age
14:07 Double-Bit Axe
18:24 Bow Saw
25:22 Pikeman
27:23 Squires
27:08 Arson
32:37 Imperial Age
31:56 Chemistry
32:05 Scale Mail Armor
32:15 Forging
32:18 Horse Collar
35:00 Chain Mail Armor
35:22 Iron Casting
34:10 Halberdier
35:23 Conscription
35:42 Fletching
38:15 Wheelbarrow
39:48 Two-Man Saw
38:51 Heavy Plow
39:43 Hand Cart
41:27 Plate Mail Armor
43:20 Blast Furnace
41:49 Elite Hussite Wagon
42:42 Wagenburg Tactics
Dr. Krauss
4:49 Loom
10:27 Feudal Age
12:11 Wheelbarrow
11:50 Double-Bit Axe
12:26 Horse Collar
19:43 Castle Age
18:19 Forging
18:10 Scale Mail Armor
22:26 Heavy Plow
23:37 Chain Mail Armor
23:42 Squires
24:01 Gold Mining
26:52 Gambesons
27:48 Iron Casting
32:11 Gold Shaft Mining
31:37 Stone Mining
32:08 Arson
32:23 Fletching
33:58 Bodkin Arrow
33:52 Town Watch
34:37 Ballistics
39:46 Imperial Age
42:21 Conscription
43:22 Blast Furnace
43:05 Plate Mail Armor
43:53 Elite Varangian Guard
43:55 Hamask
iamlegolas312
0:34 Loom
10:47 Feudal Age
11:56 Double-Bit Axe
12:59 Gold Mining
14:05 Horse Collar
19:23 Stone Mining
23:09 Castle Age
24:51 Wheelbarrow
24:50 Heavy Plow
25:07 Bow Saw
28:12 Imperial Age
25:57 Fletching
26:08 Padded Archer Armor
27:03 Bodkin Arrow
28:21 Leather Archer Armor
30:19 Chemistry
30:30 Conscription
30:45 Ring Archer Armor
31:43 Bracer
32:36 Forging
35:50 Iron Casting
35:16 Scale Mail Armor
35:59 Caravan
38:31 Thumb Ring
39:29 Blast Furnace
38:45 Squires
38:25 Pikeman
39:27 Chain Mail Armor
41:21 Elite Genoese Crossbowman
46:17 Plate Mail Armor
48:23 Silk Road
51:10 Stone Shaft Mining
51:44 Arson
Connection lost

Rejoining the realm…

Still unreachable

The connection could not be restored.

Session expired

The server has moved on; the page needs a fresh start.